 Dungeon Crawl Stone Soup version 0.27.1-35-g4d5d836560 (webtiles) character file.

Game seed: 1002290990266320188

264 Delamore the Covert (level 6, -2/39 HPs)
             Began as an Octopode Brigand on Mar 14, 2022.
             Succumbed to a water moccasin's poison
             ... on level 4 of the Dungeon.
             The game lasted 00:02:56 (2933 turns).

Delamore the Covert (Octopode Brigand)              Turns: 2933, Time: 00:02:57

Health: -2/39      AC:  1    Str: 10    XL:     6   Next: 19%
Magic:  6/6        EV: 13    Int: 13    God:
Gold:   112        SH:  0    Dex: 16    Spells: 5/5 levels left

rFire    + . .     SeeInvis .   a - +2 dagger
rCold    + . .     Faith    .   (no shield)
rNeg     . . .     Spirit   .   (helmet restricted)
rPois    +         Reflect  .   (no amulet)
rElec    +         Harm     .   (no ring)
rCorr    +         Rampage  .   (no ring)
Will     .....                  (no ring)
Stlth    +++++.....             (no ring)
HPRegen  0.13/turn              (no ring)
MPRegen  0.10/turn              (no ring)
                                (no ring)
                                (no ring)

@: lethally poisoned (-2 -> -24), resistant
A: almost no armour, amphibious, 8 rings, camouflage 1, gelatinous body 1,
(nimble swimmer 1), tentacles
a: no special abilities


You were on level 4 of the Dungeon.
You visited 1 branch of the dungeon, and saw 4 of its levels.

You collected 112 gold pieces.

Inventory:

Hand Weapons
 a - a +2 dagger (weapon)
Missiles
 b - 24 poisoned darts
 c - a curare-tipped dart (quivered)
Scrolls
 d - a scroll of vulnerability
 h - 2 scrolls of teleportation
 k - a scroll of enchant armour
Potions
 e - a potion of curing {unknown}
 f - a potion of mutation {unknown}
 g - a potion of ambrosia {unknown}
 i - a potion of resistance
 j - a potion of berserk rage {unknown}
 l - a potion of flight {unknown}
 m - a potion of haste {unknown}


   Skills:
 - Level 2.0 Fighting
 + Level 3.9 Short Blades
 - Level 2.0 Throwing
 - Level 1.0 Dodging
 * Level 8.9 Stealth


You had 5 spell levels left.
You didn't know any spells.
Your spell library contained the following spells:

 Spells                   Type           Power      Damage    Failure   Level
 Summon Small Mammal      Summ           0%         N/A       30%         1
 Call Canine Familiar     Summ           0%         N/A       67%         3
 Summon Guardian Golem    Hex/Summ       0%         N/A       67%         3


Dungeon Overview and Level Annotations

Branches:
Dungeon (4/15)
 Temple: D:4-7

Altars:

Annotations:
D:3 3 runed translucent doors, waddelsworth's ghost, amateur MiFi


Innate Abilities, Weirdness & Mutations

You cannot wear most types of armour.
You are amphibious.
You can wear up to eight rings at the same time.
Your skin changes colour to match your surroundings (Stealth+).
Your rubbery body absorbs attacks. (AC +1, EV +1)
((You are camouflaged near water. (Stealth+)))
You have tentacles for arms and can constrict up to eight enemies at once.


Message History

You hit the water moccasin but do no damage.
The water moccasin is lightly wounded.
You constrict the water moccasin. The water moccasin bites you!
You are poisoned.
The water moccasin poisons you!
You hit the water moccasin but do no damage.
The water moccasin is lightly wounded.
You constrict the water moccasin.
You feel very sick. The water moccasin bites you.
You are more poisoned.
The water moccasin poisons you!
You hit the water moccasin.
The water moccasin is moderately wounded.
You constrict the water moccasin.
You feel very sick. The water moccasin bites you.
Throw: 2 darts (curare)
Press: ? - help, Q - select action, (/) - cycle Shift-Dir - straight line, f - water moccasin
Aim: a water moccasin (moderately wounded, constricted by you, 86% to hit)
You throw a curare-tipped dart.
The curare-tipped dart hits the water moccasin.
The water moccasin is moderately wounded.
You constrict the water moccasin.
You feel very sick. The water moccasin bites you!
* * * LOW HITPOINT WARNING * * *
You are more poisoned.
The water moccasin poisons you!
As you read the scroll labelled QIOGAI CYLL, it crumbles to dust.
It is a scroll of enchant armour.
You aren't carrying any armour which can be enchanted further.
You constrict the water moccasin.
* * * LOW HITPOINT WARNING * * *
You feel very sick. The water moccasin barely misses you.
The water moccasin misses you.
It was a potion of resistance.
You feel protected.
You constrict the water moccasin.
You die...

.......##≈≈....≈≈≈## ..
#...##≈≈.......≈≈##
..####....#≈....#....≈≈#
..........'....#.###..≈#
.........##≈...#...#..≈≈
.........##≈...#.#.#...≈
.........##≈≈..#)..#...≈
..........##≈..###.#....
>.....S@...#≈≈....#....≈
.........####≈≈.......≈≈
.........# ##≈≈≈....≈≈#
.......... ###≈≈≈≈≈≈##
........... ########
.........### .........#
..........


You could see a water moccasin.

Vanquished Creatures
  A necrophage (D:3)
  4 gnolls
  4 adders
  An adder skeleton (D:4)
  3 worms
  2 dart slugs (D:1)
  5 orcs
  7 ball pythons
  8 bats
  3 endoplasms
  8 giant cockroaches
  9 goblins
  4 hobgoblins
  4 jackals (D:3)
  A quokka (D:3)
  4 frilled lizards
  9 kobolds
  2 rats
79 creatures vanquished.

Notes
Turn   | Place    | Note
-------+----------+-------------------------------------------
     0 | D:1      | Delamore the Octopode Brigand began the quest for the Orb.
     0 | D:1      | Reached XP level 1. HP: 14/14 MP: 1/1
    30 | D:1      | Reached XP level 2. HP: 13/19 MP: 2/2
   225 | D:1      | Reached skill level 6 in Stealth
   460 | D:1      | Reached XP level 3. HP: 20/24 MP: 3/3
   528 | D:1      | Found a faded altar of an unknown god.
  1113 | D:2      | Reached XP level 4. HP: 29/29 MP: 4/4
  1143 | D:2      | Reached skill level 7 in Stealth
  1750 | D:3      | Reached XP level 5. HP: 20/34 MP: 5/5
  2257 | D:3      | Reached skill level 8 in Stealth
  2538 | D:3      | Found a runed translucent gate.
  2538 | D:3      | Found a runed translucent gate.
  2539 | D:3      | Found a runed translucent gate.
  2545 | D:3      | Noticed waddelsworth's ghost (amateur MiFi)
  2588 | D:3      | Noticed a necrophage
  2600 | D:3      | Killed a necrophage
  2601 | D:3      | Reached XP level 6. HP: 22/39 MP: 6/6
  2923 | D:4      | Noticed a water moccasin
  2933 | D:4      | Succumbed to a water moccasin's poison

Illustrated notes

Levels and vault maps discovered:
D:1:      mrwooster_arrival_arrow, layout_rooms,
          shapermc_ecumenical_altar_starsandcircs
D:2:      layout_basic, serial_glass, glass_columns_c, glass_columns_a,
          chequers_serial_rivers_room_a
D:3:      layout_rooms, gammafunk_ghost_necromancy, hex_intersection,
          minmay_misc_feat_secret_circle, minmay_splitting_lines,
          minmay_goblin_kobold_house
D:4:      layout_gridville, minmay_temple_entry_purple_smoke, kennysheep_potato

Skill      XL: |  1  2  3  4  5 |
---------------+----------------+-----
Stealth        | 6 7 8 |  8.9
Short Blades   | 3 |  3.9
Fighting       | |  2.0
Throwing       | |  2.0
Dodging        | |  1.0

Action                   |  1- 3 |  4- 6 || total
-------------------------+-------+-------++-------
Melee: Dagger            |    55 |    93 ||   148
       Constrict         |    13 |    27 ||    40
       Tentacles         |     7 |    16 ||    23
Throw: Dart              |     5 |    15 ||    20
  Use: Scroll            |       |     3 ||     3
       Potion            |       |     1 ||     1
 Stab: Sleeping          |     9 |    13 ||    22
Armor: Skin              |     8 |     7 ||    15
Dodge: Dodged            |    31 |    41 ||    72
